 Dungeon Crawl Stone Soup version 0.29.1-2-gbd0b4ee654 (webtiles) character file.

Game seed: 13924863372141180986

40 zeram the Sneak (level 3, -3/24 HPs)
             Began as an Octopode Brigand on Nov 2, 2022.
             Slain by an ogre
             ... wielding a +0 giant spiked club
              (27 damage)
             ... on level 2 of the Dungeon.
             The game lasted 00:01:29 (832 turns).

zeram the Sneak (Octopode Brigand)                   Turns: 832, Time: 00:01:30

Health: -3/24      AC:  1    Str: 10    XL:     3   Next: 50%
Magic:  3/3        EV: 13    Int: 15    God:
Gold:   52         SH:  0    Dex: 13    Spells: 2/2 levels left

rFire   . . .      SeeInvis .   a - +2 dagger
rCold   . . .      Faith    .   (no shield)
rNeg    . . .      Spirit   .   (helmet restricted)
rPois   .          Reflect  .   (no amulet)
rElec   .          Harm     .   (no ring)
rCorr   .          Rampage  .   (no ring)
Will    .....                   (no ring)
Stlth   ++++......              (no ring)
HPRegen 0.08/turn               (no ring)
MPRegen 0.08/turn               (no ring)
                                (no ring)
                                (no ring)

@: no status effects
A: almost no armour, amphibious, 8 rings, camouflage 1, gelatinous body 1,
(nimble swimmer 1), tentacles
a: no special abilities


You were on level 2 of the Dungeon.
You visited 1 branch of the dungeon, and saw 2 of its levels.

You collected 52 gold pieces.

Inventory:

Hand Weapons
 a - a +2 dagger (weapon)
Missiles
 b - 9 poisoned darts (quivered)
 c - 3 curare-tipped darts
Wands
 d - a wand of iceblast (4)
Scrolls
 f - a scroll of blinking
Potions
 e - a potion of curing {unknown}
 g - a potion of attraction {unknown}
 i - a potion of invisibility {unknown}


   Skills:
 - Level 2.0 Fighting
 + Level 2.5 Short Blades
 - Level 2.0 Throwing
 + Level 1.4 Dodging
 + Level 6.5 Stealth


You had 2 spell levels left.
You didn't know any spells.
Your spell library was empty.

Dungeon Overview and Level Annotations

Branches:
Dungeon (2/15)

Altars:


Innate Abilities, Weirdness & Mutations

You cannot wear most types of armour.
You are amphibious.
You can wear up to eight rings at the same time.
Your skin changes colour to match your surroundings (Stealth+).
Your rubbery body absorbs attacks. (AC +1, EV +1)
((You are camouflaged when in or above water. (Stealth+)))
You have tentacles for arms and can constrict up to eight enemies at once.


Message History

Found a stone staircase leading down.
You see here a +0 robe.
The helpless dart slug fails to defend itself.
You impale the dart slug!!
You kill the dart slug!
No target in view!
No target in view!
Found 2 stones.
Found a sling and a spear.
d - a wand of iceblast (4)
e - a purple potion
Found a stone staircase leading up.
Found a barding.
Found a short sword and a club.
An ogre comes into view. It is wielding a +0 giant spiked club.
An ogre is nearby!
An ogre is nearby!
An ogre is nearby!
There is a stone staircase leading up here.
Found a sling.
The ogre shouts!
The ogre closely misses you.
You hit the ogre.
The ogre is lightly wounded.
The ogre misses you.
You barely miss the ogre.
The ogre is lightly wounded.
You hit the ogre.
The ogre is moderately wounded.
The ogre closely misses you.
You barely miss the ogre. Your squeeze misses the ogre.
The ogre is moderately wounded.
You barely miss the ogre.
The ogre is moderately wounded.
The ogre misses you.
You hit the ogre. You squeeze the ogre.
The ogre is heavily wounded.
The ogre hits you with a +0 giant spiked club!!
Ouch! That really hurt!
You die...

### ############.##
#####........##...##
.............#.....##
....................#
###.########.#<[...##
#.# #).##...## #.#
#).###@## #.# #..#
#O# ###.# #... ..#
.##.# #..##... (...#
#..#.... .... ......
###. ..)... .#
......## .##.#


You could see an ogre.

Vanquished Creatures
  2 dart slugs
  4 endoplasms (D:1)
  A giant cockroach (D:1)
  6 goblins (D:1)
  4 hobgoblins
  3 kobolds (D:1)
  A quokka (D:1)
  2 ball pythons (D:1)
  6 bats (D:1)
  A frilled lizard (D:1)
  2 rats (D:1)
32 creatures vanquished.

Notes
Turn   | Place    | Note
-------+----------+-------------------------------------------
     0 | D:1      | zeram the Octopode Brigand began the quest for the Orb.
     0 | D:1      | Reached XP level 1. HP: 14/14 MP: 1/1
    95 | D:1      | Reached XP level 2. HP: 15/19 MP: 2/2
   183 | D:1      | Reached skill level 6 in Stealth
   422 | D:1      | Reached XP level 3. HP: 24/24 MP: 3/3
   823 | D:2      | Noticed an ogre
   832 | D:2      | Slain by an ogre

Illustrated notes

Levels and vault maps discovered:
D:1:      dpeg_arrival_rooms_c, layout_rooms, minmay_misc_feat_alley,
          nicolae_figureground_sparkle
D:2:      layout_loops_ring, basic_altar, uniq_jessica

Skill      XL: |  1  2 |
---------------+-------+-----
Stealth        | 6 |  6.5
Fighting       | |  2.0
Short Blades   | |  2.5
Throwing       | |  2.0
Dodging        | |  1.4

Action                   || total
-------------------------++-------
Melee: Dagger            ||    62
       Constrict         ||     9
       Tentacles         ||     8
  Use: Scroll            ||     4
 Stab: Sleeping          ||    10
Armor: Skin              ||     7
Dodge: Dodged            ||    41
